 Dungeon Crawl Stone Soup version 0.18.1-8-gdd0e5ea (webtiles) character file.

237 Gargoyl the Grave Robber (level 5, -3/44 HPs)
             Began as a Deep Dwarf Necromancer on May 21, 2016.
             Slain by an ogre
             ... wielding a +0 giant spiked club
              (6 damage)
             ... on level 4 of the Dungeon.
             The game lasted 00:11:30 (3270 turns).

Gargoyl the Grave Robber (Deep Dwarf Necromancer)   Turns: 3270, Time: 00:11:31

Health: -3/44      AC: 10    Str: 13    XL:     5   Next: 77%
Magic:  7/7        EV:  7    Int: 15    God:
Gold:   276        SH:  0    Dex: 13    Spells: 1 memorised, 6 levels left

rFire  . . .     SeeInvis .     u - -1 mace (curse)
rCold  . . .     Gourm    +     i - +0 chain mail
rNeg   . . .     Faith    .     (no shield)
rPois  .         Spirit   .     (no helmet)
rElec  .         Dismiss  .     (no cloak)
rCorr  .         Reflect  .     g - +0 pair of gloves
SustAt +         Harm     .     (no boots)
MR     .....                    q - amulet of the gourmand
Stlth  ..........               (no ring)
                                v - ring of sustain attributes

@: non-regenerating, drained, not resistant to hostile enchantments, extremely
unstealthy
A: damage resistance, recharge devices, sense surroundings 1, slow regeneration
3
a: Device Recharging


You were on level 4 of the Dungeon.
You were not hungry.

You visited 1 branch of the dungeon, and saw 4 of its levels.

You collected 276 gold pieces.

Inventory:

Hand Weapons
 f - a +0 war axe
 r - a cursed +0 flail
 t - a +0 dagger of draining
 u - a cursed -1 mace (weapon)
Missiles
 a - 15 arrows
 k - 102 stones (quivered)
Armour
 g - a +0 pair of gloves (worn)
 i - a +0 chain mail (worn)
Jewellery
 q - an amulet of the gourmand (around neck)
 v - a ring of sustain attributes (left hand)
Wands
 c - a wand of heal wounds (0/9)
Scrolls
 j - 7 scrolls of identify
 o - a scroll of enchant weapon
 w - a scroll of magic mapping
Potions
 e - 3 potions of flight
 l - a potion of invisibility
 n - a potion of mutation {unknown}
Books
 b - a book of Necromancy

   Spells                             Type                      Level
   a - Pain                           Necromancy                   1
   b - Animate Skeleton               Necromancy                   1
   c - Vampiric Draining              Necromancy                   3
   d - Regeneration                   Charms/Necromancy            3
   e - Animate Dead                   Necromancy                   4
   f - Control Undead                 Necromancy                   4
Comestibles
 d - 5 bread rations
 m - 2 beef jerkies
 p - 3 meat rations


   Skills:
 + Level 1.3(1.0) Fighting
 + Level 0.3(0.0) Short Blades
 + Level 1.2(0.9) Maces & Flails
 + Level 0.6(0.4) Throwing
 * Level 3.8(3.5) Armour
 + Level 3.4(3.1) Dodging
 + Level 2.9(2.7) Stealth
 + Level 1.7(1.4) Spellcasting
 + Level 4.9(4.6) Necromancy


You had 6 spell levels left.
You knew the following spells:

 Your Spells              Type           Power        Failure   Level  Hunger
a - Pain                  Necr           ##..         94%         1    ##.....


Dungeon Overview and Level Annotations

Branches:
Dungeon (4/15)
 Temple: D:4-7

Altars:
Elyvilon
Trog
Xom


Innate Abilities, Weirdness & Mutations

You are resistant to damage.
You can recharge devices by infusing magical energy.
You passively map a small area around you.
You do not regenerate naturally.


Message History

Aim: an ogre, wielding a giant spiked club You throw a stone.
The stone hits the ogre.
The ogre is lightly wounded.
Your magical contamination has completely faded away.
Zapping:
c - a wand of heal wounds (1/9)
Press: ? - help, Shift-Dir - straight line, f - you, p - ogre You feel much better.
This wand has 0 charges left.
You barely miss the ogre.
The ogre is lightly wounded.
The ogre hits you with a giant spiked club!!
Ouch! That really hurt!
* * * LOW HITPOINT WARNING * * *
You hit the ogre.
The ogre is lightly wounded.
The ogre hits you with a giant spiked club.
* * * LOW HITPOINT WARNING * * *
Your chain mail prevents you from hitting the ogre.
The ogre is lightly wounded.
The ogre hits you with a giant spiked club!
You die...

, #...####...# , , *
#.........##### ,
####...........# **
#######
#......####.# ,
,......###..###....#
* , ., ......##..#
#.##.#
...###...##..##... #
, *
................_..
,* , *
#...@....#.#...## ,
###.O###.#.#*.##* ,,
* #.## #.#)., # #..*
#.#### , * * , .%(#
#..,,,, , , *###. *
###* #. ** #. *


You could see an ogre.

Vanquished Creatures
  A scorpion (D:4)
  An orc priest (D:4)
  Jessica (D:3)
  4 adders (D:2)
  4 worms
  3 dart slugs
  3 giant geckos (D:3)
  4 orcs
  4 giant cockroaches
  9 goblins
  6 hobgoblins
  11 kobolds
  3 quokkas
  7 bats
  7 giant newts
  A quokka zombie (D:4)
  9 rats
78 creatures vanquished.

Notes
Turn   | Place    | Note
--------------------------------------------------------------
     0 | D:1      | Gargoyl the Deep Dwarf Necromancer began the quest for the Orb.
     0 | D:1      | Reached XP level 1. HP: 15/15 MP: 3/3
   167 | D:1      | Reached XP level 2. HP: 19/22 MP: 4/4
   554 | D:1      | Reached skill level 1 in Armour
   804 | D:1      | Noticed a big kobold
   804 | D:1      | Noticed a big kobold
   804 | D:1      | Noticed a troll
   804 | D:1      | Noticed a big kobold
   815 | D:1      | Noticed a big kobold
   885 | D:1      | Reached XP level 3. HP: 12/28 MP: 5/5
  1546 | D:2      | Found a shimmering altar of Xom.
  1660 | D:2      | Reached XP level 4. HP: 34/37 MP: 6/6
  2057 | D:2      | Found a bloodstained altar of Trog.
  3052 | D:3      | Noticed Jessica
  3058 | D:3      | Killed Jessica
  3058 | D:3      | Reached XP level 5. HP: 24/43 MP: 7/7
  3134 | D:4      | Reached skill level 1 in Fighting
  3188 | D:4      | Reached skill level 1 in Maces & Flails
  3210 | D:4      | Found a white marble altar of Elyvilon.
  3264 | D:4      | Noticed an ogre
  3270 | D:4      | Slain by an ogre

Skill      XL: |  1  2  3  4  5 |
---------------+----------------+-----
Armour         | 1 2 3 |  3.8
Dodging        | 3 |  3.4
Fighting       | 1 |  1.3
Maces & Flails | 1 |  1.2
Short Blades   | |  0.3
Throwing       | |  0.6
Stealth        | |  2.9
Spellcasting   | |  1.7
Necromancy     | |  4.9

Action                   |  1- 3 |  4- 6 || total
-------------------------+-------+-------++-------
Melee: Dagger            |   344 |    32 ||   376
       Unarmed           |     4 |       ||     4
       Mace              |       |   207 ||   207
Throw: Stone             |    18 |    12 ||    30
Evoke: Wand              |     2 |     3 ||     5
  Use: Potion            |     1 |     3 ||     4
       Scroll            |       |     9 ||     9
 Stab: Sleeping          |     2 |       ||     2
       Invisible         |       |     5 ||     5
  Eat: Chunk             |     3 |     8 ||    11
Armor: Chain mail        |   195 |   181 ||   376
       Robe              |     4 |       ||     4
Dodge: Dodged            |   118 |    76 ||   194
